 Dungeon Crawl Stone Soup version 0.29-a0-330-g52719c12eb (webtiles) character file.

Game seed: 8944015796844017455

30 MalarOregon the Ruffian (level 3, 32/35 HPs)
             Began as a Troll Gladiator on Apr 18, 2022.
             Quit the game on level 1 of the Dungeon.
             The game lasted 00:01:32 (540 turns).

MalarOregon the Ruffian (Troll Gladiator)            Turns: 540, Time: 00:01:32

Health: 32/35      AC:  4    Str: 22    XL:     3   Next: 3%
Magic:  2/2        EV: 10    Int:  6    God:
Gold:   104        SH:  0    Dex: 11    Spells: 2/2 levels left

rFire   . . .      SeeInvis .     - Unarmed
rCold   . . .      Faith    .   (no shield)
rNeg    . . .      Spirit   .   a - +0 robe
rPois   .          Reflect  .   b - +0 hat
rElec   .          Harm     .   (no cloak)
rCorr   .          Rampage  .   (gloves unavailable)
Will    .....                   (boots unavailable)
Stlth   +.........              (no amulet)
HPRegen 0.91/turn               (no ring)
MPRegen 0.08/turn               (no ring)

@: no status effects
A: large, unfitting armour, claws 3, regeneration 1, shaggy fur 1, tough skin 1
a: no special abilities


You were on level 1 of the Dungeon.
You visited 1 branch of the dungeon, and saw 2 of its levels.

You collected 104 gold pieces.


Innate Abilities, Weirdness & Mutations

You are too large for most types of armour.
You have claws for hands.
Your natural rate of healing is unusually fast.
You are covered in fur. (AC +1)
You have tough skin. (AC +1)


   Skills:
 + Level 1.9 Fighting
 + Level 2.1 Throwing
 + Level 2.6 Dodging
 * Level 3.5 Unarmed Combat


You had 2 spell levels left.
You didn't know any spells.
Your spell library contained the following spells:

 Spells                   Type           Power      Damage    Failure   Level
 Ignite Poison            Fire/Tmut/Pois 0%         N/A       83%         3
 Mephitic Cloud           Conj/Pois/Air  0%         N/A       83%         3
 Freezing Cloud           Conj/Ice/Air   0%         6-21      100%        5

Inventory:

Missiles
 c - 3 throwing nets {=f!fthrowing}
 d - a large rock {=fthrowing}
 g - 17 stones (quivered) {throwing}
Armour
 a - a +0 robe (worn)
 b - a +0 hat (worn)
 n - a +0 robe
   (You found it on level 1 of the Dungeon)
Scrolls
 e - 3 scrolls of teleportation {unknown}
 f - a scroll of summoning {unknown}
 h - 2 scrolls of identify {unknown}
 i - 2 scrolls of immolation {unknown}
 j - a scroll of silence {unknown}
 l - a scroll of amnesia {unknown}
Potions
 k - a potion of might {unknown}
 m - 2 potions of degeneration {unknown}

Dungeon Overview and Level Annotations

Branches:
Dungeon (2/15)

Altars:

##### )...####
†......### ##
###.##.##.## #>#
###.##.###.###.#
............#.##
###.##....^....#
#.###......#.######
###.##...#.....$@...#
.......#.......####.#
.#..##...#.#.###
.#......##.#.#
.#.#.#..##.#.#
...........#.#
.....#.......#
.....#####.#.##
.......##.###.##


There were no monsters in sight!


Message History

You claw the hobgoblin!
You kill the hobgoblin!
No target in view!
m - 2 viscous red potions A sourceless malevolence fills the Dungeon...
You fall into a shaft and drop 1 floor!
The shaft crumbles and collapses.
A dart slug comes into view.
The helpless dart slug fails to defend itself.
You claw the dart slug!
You kill the dart slug!
You see here a dart slug corpse.
You now have 104 gold pieces (gained 5).
Found a stone staircase leading down.
i - 2 scrolls labelled TARGHYCR MIULU (gained 1)
A rat comes into view.
The rat bites you but does no damage.
You claw the rat!
You kill the rat!
No target in view!
Found an escape hatch in the ceiling.
No target in view!
There is an escape hatch in the ceiling here.
A mysterious force pulls you upwards. The hatch slams shut behind you.
You see here a ball python corpse.
Key pressed, stopping explore.
A kobold comes into view. It is wielding a +0 dagger.
The kobold shouts!
A hobgoblin comes into view.
The hobgoblin shouts!
A goblin comes into view. It is wielding a +0 dagger.
The goblin shouts!
The kobold hits you but does no damage.
You barely miss the kobold. The hobgoblin barely misses you.
The kobold hits you with a +0 dagger. 😕 HP[-1]
You take 1 damage, and now have 27/28 hp.
You claw the kobold!
You kill the kobold!
The hobgoblin hits you. 😕 HP[-1]
You take 1 damage, and now have 26/28 hp.
You miss the goblin.
The hobgoblin hits you but does no damage.
The goblin closely misses you.
You closely miss the goblin. The hobgoblin misses you.
The goblin barely misses you. 😕 HP[+1]
You closely miss the goblin. The hobgoblin closely misses you.
The goblin barely misses you. 😎 HP[+1]
Your hp is fully restored (28).
You scratch the goblin but do no damage.
The hobgoblin barely misses you.
The goblin hits you with a +0 dagger. 😕 HP[-3]
You take 3 damage, and now have 25/28 hp.
You scratch the goblin.
You kill the goblin!
The hobgoblin hits you but does no damage. 😕 HP[+1]
You scratch the hobgoblin but do no damage. 😕 HP[+1]
You claw the hobgoblin!
You kill the hobgoblin!
You have reached level 3!
Your experience leads to an increase in your attributes!
Increase (S)trength, (I)ntelligence, or (D)exterity?
You feel clever. x2; You feel stronger. 😕 HP[+7] MP[+1]
You now have 35 max hp (+7).
You regained 7 hp, and now have 34/35 hp.
Your mp is fully restored (2).
Items here: )) ††. 😎 HP[+1]
Your hp is fully restored (35).
n - a +0 robe
Found a stone staircase leading down.
A frilled lizard comes into view.
The frilled lizard hisses angrily.
A frilled lizard is nearby!
You see here 10 gold pieces.
The frilled lizard bites you but does no damage.
You miss the frilled lizard.
The frilled lizard bites you but does no damage.
You barely miss the frilled lizard. The frilled lizard bites you. 😕 HP[-3]
You take 3 damage, and now have 32/35 hp.
You miss the frilled lizard.
The frilled lizard hisses.
The frilled lizard bites you. 😕 HP[-1]
You take 1 damage, and now have 31/35 hp.
You barely miss the frilled lizard. The frilled lizard bites you.
You claw the frilled lizard!
You kill the frilled lizard! 😕 HP[+1] No target in view!
No target in view!
Okay, then.
Are you sure you want to abandon this character and quit the game? (Confirm with "yes".)

Skill      XL: |  1  2 |
---------------+-------+-----
Throwing       | 2 |  2.1
Fighting       | |  1.9
Dodging        | |  2.6
Unarmed Combat | |  3.5

Action                   || total
-------------------------++-------
Melee: Unarmed           ||    49
       Punch             ||     1
Throw: Stone             ||    13
 Stab: Sleeping          ||     3
Armor: Robe              ||    19
Dodge: Dodged            ||    21

Levels and vault maps discovered:
D:1:      dpeg_arrival_three_bigger_balls, layout_loops_ring
D:2:      layout_basic, serial_shops, nicolae_shop_hallway_plus,
          minmay_domino_4, uniq_robin

Notes
Turn   | Place    | Note
-------+----------+-------------------------------------------
     0 | D:1      | MalarOregon the Troll Gladiator began the quest for the
                  | Orb.
     0 | D:1      | Reached XP level 1. HP: 19/19 MP: 0/0
     0 | D:1      | magus.rc [v1.9.6]
   149 | D:1      | Reached XP level 2. HP: 28/28 MP: 1/1
   204 | D:1      | Reached skill level 2 in Throwing
   294 | D:1      | You add the spells Ignite Poison, Mephitic Cloud and
                  | Freezing Cloud to your library.
   381 | D:1      | You fall into a shaft and drop 1 floor!
   515 | D:1      | Reached XP level 3. HP: 34/35 MP: 2/2
   540 | D:1      | Quit the game

Vanquished Creatures
  2 dart slugs
  2 ball pythons (D:1)
  3 endoplasms (D:1)
  A goblin (D:1)
  4 hobgoblins (D:1)
  3 kobolds (D:1)
  3 bats (D:1)
  3 frilled lizards (D:1)
  3 rats
24 creatures vanquished.

Table legend:
 A = Non-vault XP
 B = Vault XP
 C = Vault XP percentage of total XP
 D = Non-vault monster count
 E = Vault monster count
 F = Vault count percentage of total count
                 A         B        C        D         E       F
            +---------+---------+-------+---------+---------+-------
      Total |      43 |       0 |   0.0 |      24 |       0 |   0.0
            +---------+---------+-------+---------+---------+-------
        D:1 |      38 |       0 |   0.0 |      22 |       0 |   0.0
        D:2 |       5 |       0 |   0.0 |       2 |       0 |   0.0
            +---------+---------+-------+---------+---------+-------

Illustrated notes

Table legend:
 A = Kills in this place as a percentage of kills in entire the game.
 B = Kills by you in this place as a percentage of kills by you in the entire game.
 C = Kills by friends in this place as a percentage of kills by friends in the entire game.
 D = Other kills in this place as a percentage of other kills in the entire game.
 E = Experience gained in this place as a percentage of experience gained in the entire game.
 F = Experience gained in this place divided by the number of levels of this place that you have seen.
                   A       B       C       D       E      F
               +-------+-------+-------+-------+-------+----------------------
         Total | 100.0 | 100.0 |   N/A |   N/A | 100.0 |  21.5
       Dungeon | 100.0 | 100.0 |   N/A |   N/A | 100.0 |  21.5
               +-------+-------+-------+-------+-------+----------------------

Table legend: (Time is in decaauts)
 A = Elapsed time spent in this place.
 B = Non-inter-level travel time spent in this place.
 C = Inter-level travel time spent in this place.
 D = Time resting spent in this place.
 E = Time spent auto-exploring this place.
 F = Levels seen in this place.
 G = Mean time per level.
                   A        B        C        D        E       F      G
               +--------+--------+--------+--------+--------+-----+--------+
         Total |    536 |    529 |      7 |      0 |    393 |   2 |  268.0 |
       Dungeon |    536 |    529 |      7 |      0 |    393 |   2 |  268.0 |
               +--------+--------+--------+--------+--------+-----+--------+

Top non-repeatable levels by time:
     D:1: 490 daAuts
     D:2: 46 daAuts
